Map: Ascension to Aiur LE

Players

Bellrogg

  • Race: Terran Terran
  • League: Platinum
  • Spawn Location: 11:00

Yata - Winner!

  • Race: Zerg Zerg
  • League: Platinum
  • Spawn Location: 5:00

VOD

Have the link to the VOD?

Description

Time

  • Played on: Sept. 21, 2017, 4:51 p.m.
  • Length: 6:57
Show
View Real Time Build Order
Export as new Build Order

Bellrogg Terran 

Build Orders:  

Get SALT Encoding   

  12  0:01  SCV  
  13  0:13  SCV  
  14  0:18  Supply Depot  
  14  0:25  SCV  
  15  0:39  SCV  
  15  0:40  Barracks  
  16  0:47  Refinery  
  16  0:51  SCV  
  17  1:00  Barracks  
  17  1:04  SCV  
  18  1:16  SCV  
  19  1:25  Supply Depot  
  19  1:27  Marine  
  19  1:29  SCV  
  21  1:41  SCV  
  22  1:52  Supply Depot  
  22  1:53  SCV  
  24  1:57  Refinery  
  24  1:59  Marine  
  24  2:05  Marine, SCV  
  26  2:18  Orbital Command  
  26  2:22  Ghost Academy  
  26  2:31  Barracks Tech Lab x2  
  26  2:42  Supply Depot  
  26  2:49  Marine  
  28  2:51  Personal Cloaking  
  28  2:53  Marine  
  28  3:06  Ghost  
  30  3:15  Ghost  
  32  3:20  Bunker  
  31  3:35  Ghost  
  33  3:52  Command Center  
  33  3:56  Ghost  
  35  4:12  SCV  
  36  4:22  Ghost  
  38  4:24  SCV  
  39  4:36  SCV  
  40  4:40  Factory  
  40  4:49  SCV  
  40  4:51  Marine  
  40  4:52  Marine  
  43  5:01  SCV  
  43  5:05  Supply Depot  
  43  5:06  Orbital Command  
  44  5:08  Supply Depot  
  44  5:13  SCV  
  45  5:17  Marine x2  
  47  5:25  SCV  
  48  5:34  Marine  
  48  5:35  Marine  
  40  5:52  Marine x2  
  40  5:53  SCV  
  40  5:54  SCV  
  44  6:01  Supply Depot  
  44  6:03  Factory Tech Lab  
  44  6:04  Factory Reactor  
  44  6:05  Widow Mine  
  44  6:06  Supply Depot, SCV x2  
  48  6:18  SCV x2  
  39  6:30  SCV x2  
  41  6:38  Engineering Bay  
  41  6:42  SCV x2  
Show
View Real Time Build Order
Export as new Build Order

Yata Zerg - Winner!

Build Orders: Hatch First 

Get SALT Encoding   

  12  0:01  Drone  
  13  0:13  Overlord  
  13  0:25  Drone  
  14  0:31  Drone x2  
  16  0:36  Drone  
  17  0:55  Drone  
  17  0:56  Hatchery  
  17  1:00  Drone  
  18  1:09  Extractor  
  17  1:16  Spawning Pool  
  17  1:17  Drone  
  17  1:21  Drone  
  18  1:30  Drone  
  19  1:42  Overlord  
  19  1:53  Drone  
  20  2:03  Queen  
  20  2:08  Queen  
  24  2:15  Overlord  
  24  2:19  Zergling x4  
  26  2:23  Metabolic Boost  
  26  2:33  Drone x3  
  29  2:39  Queen  
  31  2:47  Drone x3  
  34  3:00  Baneling Nest  
  34  3:01  Drone x2, Evolution Chamber  
  34  3:04  Overlord  
  34  3:20  Drone  
  34  3:21  Drone  
  36  3:28  Drone  
  36  3:29  Drone x4  
  41  3:54  Hatchery  
  39  4:08  Drone x3  
  41  4:10  Zergling x6  
  41  4:12  Overlord x3  
  44  4:21  Zerg Melee Weapons Level 1  
  44  4:37  Zergling x8  
  44  4:38  Zergling x8  
  52  4:51  Baneling x4  
  52  5:17  Spore Crawler  
  52  5:18  Spore Crawler  
  50  5:21  Baneling x3  
  50  5:22  Baneling x4, Spore Crawler x2  
  44  5:50  Zergling x32  
  44  5:51  Zergling x12  
  63  6:20  Drone x10  
  63  6:21  Overlord  
  73  6:32  Extractor  
  73  6:33  Drone  
Tags
 
Add a new tag
Caveats
  • Supply blocks, unpowered buildings, or Contaminate may cause inaccurate times.
  • Supply counts are checked every 10 seconds.